 Dungeon Crawl Stone Soup version 0.17-a0-2122-g03d97ec (webtiles) character file.

690 4thArraOfDagon the Chopper (level 7, -2/94 HPs)
             Began as a Minotaur Berserker on Oct 21, 2015.
             Was a Priest of Trog.
             Slain by a centaur (7 damage)
             ... on level 7 of the Dungeon.
             The game lasted 00:06:03 (977 turns).

4thArraOfDagon the Chopper (Minotaur Berserker)      Turns: 977, Time: 00:06:04

Health: -2/94      AC:  9    Str: 27    XL:     7   Next: 36%
Magic:  6/6        EV: 11    Int:  6    God:    Trog [***...]
Gold:   81         SH:  0    Dex:  9    Spells: 0 memorised, 6 levels left

rFire  . . .     SeeInvis .     h - +0 war axe
rCold  . . .     Clarity  .     b - +2 ring mail {rPois}
rNeg   . . .     SustAt   .     (no shield)
rPois  +         Gourm    .     (helmet restricted)
rElec  .         Spirit   .     (no cloak)
rCorr  .         Warding  .     (no gloves)
rMut   .         Stasis   .     p - +0 pair of boots
MR     .....                    m - amulet of faith
Stlth  ..........               (no ring)
                                k - ring of flight

@: berserking, very quick, not resistant to hostile enchantments, extremely
unstealthy
A: retaliatory headbutt, horns 2
a: Berserk, Trog's Hand, Burn Spellbooks, Renounce Religion, Evoke Flight


You were on level 7 of the Dungeon.
You worshipped Trog.
Trog was most pleased with you.
You were not hungry.

You visited 1 branch of the dungeon, and saw 7 of its levels.

You collected 81 gold pieces.

Inventory:

Hand Weapons
 h - a +0 war axe (weapon)
Armour
 b - a +2 ring mail of poison resistance (worn)
 p - a +0 pair of boots (worn)
Magical Staves
 e - an uncursed staff of air {unknown}
Jewellery
 k - a ring of flight (left hand)
 m - an amulet of faith (around neck)
Wands
 f - a wand of slowing (20)
Scrolls
 a - a scroll of teleportation
 j - a scroll of fog {unknown}
 r - a scroll of remove curse {unknown}
 t - a scroll of enchant weapon {unknown}
Potions
 d - a potion of lignification {unknown}
 g - 5 potions of curing
 l - a potion of mutation {unknown}
 n - 3 potions of heal wounds {unknown}
 s - a potion of might {unknown}
 v - a potion of invisibility
Comestibles
 c - a bread ration
 o - 3 meat rations
 u - 6 chunks of flesh


   Skills:
 + Level 6.0 Fighting
 * Level 7.8 Axes
 + Level 5.2 Armour
 - Level 2.1 Dodging


You had 6 spell levels left.
You didn't know any spells.

Dungeon Overview and Level Annotations

Branches:
Dungeon (7/15)
 Temple: D:4-7

Altars:
Kikubaaqudgha
Nemelex Xobeh

Annotations:
D:5 zkyp's ghost, novice DsMo


Innate Abilities, Weirdness & Mutations

You reflexively headbutt those who attack you in melee.
You have a pair of horns on your head.


Message History

The orc priest calls down the wrath of Beogh upon you.
Something smites you! The orc hits you but does no damage.
The orc barely misses you.
The centaur hits you but does no damage.
The orc priest calls down the wrath of Beogh upon you.
Something smites you!
* * * LOW HITPOINT WARNING * * *
An orc comes into view.
The orc shouts!
Unknown command.
Use which ability?
A red film seems to cover your vision as you go berserk!
You feel yourself moving faster!
You feel mighty!
You feel quite a bit more hungry. The centaur barely misses you.
The orc barely misses you. The orc completely misses you.
The orc priest invokes the aid of Beogh against you.
Pain shoots through your body!
* * * LOW HITPOINT WARNING * * *
The centaur hits you!
You die...

.. .....# .#
........# .##.
........# ...
........####.# #
..
.......##...#.####
...
#...#...coo...o.#
#.#####.....†@)##
#..#...%....)o..#
#...###.(#####.#
#..##.(## .#
.#####.....## .
.....#......# ..
#....#..#...... ..
#...##...#######.
... .. #.#...#


You could see a centaur, an orc priest and 3 orcs.

Vanquished Creatures
  An orc warrior (D:6)
  An ogre (D:6)
  A giant frog (D:7)
  2 crimson imps
  5 orc priests
  A hound (D:6)
  A giant frog skeleton (D:6)
  2 orc wizards
  A worker ant (D:6)
  2 adders
  2 oozes
  A giant gecko (D:5)
  6 orcs
  4 bats
  4 giant cockroaches
  9 goblins
  6 hobgoblins
  2 jackals (D:7)
  A quokka (D:3)
  4 giant newts
  3 kobolds
  8 rats
67 creatures vanquished.

Notes
Turn   | Place    | Note
--------------------------------------------------------------
     0 | D:1      | 4thArraOfDagon the Minotaur Berserker began the quest for the Orb.
     0 | D:1      | Reached XP level 1. HP: 19/19 MP: 0/0
    34 | D:1      | Reached skill level 4 in Axes
    59 | D:1      | Reached XP level 2. HP: 24/27 MP: 1/1
   289 | D:2      | Reached ** piety under Trog
   302 | D:2      | Found a faded altar to an unknown god.
   319 | D:2      | Found an ancient bone altar of Kikubaaqudgha.
   337 | D:2      | Reached XP level 3. HP: 23/33 MP: 2/2
   498 | D:3      | Reached skill level 5 in Axes
   498 | D:3      | Reached XP level 4. HP: 39/40 MP: 3/3
   507 | D:3      | Reached XP level 5. HP: 21/47 MP: 4/4
   512 | D:3      | Reached *** piety under Trog
   634 | D:5      | Entered Level 5 of the Dungeon
   643 | D:5      | Reached skill level 5 in Fighting
   643 | D:5      | Reached skill level 6 in Axes
   655 | D:5      | Noticed zkyp's ghost (novice DsMo)
   669 | D:5      | Noticed an ogre
   673 | D:6      | Noticed an orc warrior
   680 | D:6      | Found a sparkling altar of Nemelex Xobeh.
   689 | D:6      | Reached XP level 6. HP: 45/56 MP: 5/5
   797 | D:6      | Reached skill level 7 in Axes
   805 | D:6      | Killed an orc warrior
   805 | D:6      | Reached XP level 7. HP: 62/62 MP: 6/6
   860 | D:6      | Reached skill level 5 in Armour
   977 | D:7      | Slain by a centaur

Vault maps used:
D:1:      dpeg_arrival_ratfight, nrook_mini_backslash
D:2:      kiku_gazebo_garden_becter, ecumenical_altar_1
D:3:      cheibriados_altar_wand_db, first_bread, minmay_ruptured
D:4:      lemuel_blue_sif_altar, grunt_decor_one_mirror
D:5:      uniq_pikel, uniq_duvessa, uniq_sigmund
D:6:      nemelex_xobeh_ov_fountains_minmay, serial_glass, glass_columns_c,
          glass_columns_b, minivault_22
D:7:      minmay_temple_entry_statues_pillars

Action                   |  1- 3 |  4- 6 |  7- 9 || total
-------------------------+-------+-------+-------++-------
Melee: Hand axe          |    54 |    50 |       ||   104
       War axe           |       |       |    22 ||    22
Invok: Trog's Hand       |     1 |     3 |       ||     4
       Berserk           |     1 |     2 |     1 ||     4
  Use: Scroll            |       |     4 |     2 ||     6
  Eat: Chunk             |       |     2 |     2 ||     4
